 Dungeon Crawl Stone Soup version 0.23-a0-175-g97aacdb (webtiles) character file.

739530 mopl the Phalangite (level 27, -11/230 HPs)
             Began as a Merfolk Abyssal Knight on Sept 16, 2018.
             Was the Champion of Lugonu.
             Killed from afar by an ancient lich (80 damage)
             ... with a crystal spear
             ... on level 5 of the Realm of Zot on Sept 17, 2018.
             The game lasted 03:45:44 (75286 turns).

mopl the Phalangite (Merfolk Abyssal Knight)       Turns: 75286, Time: 03:45:45

Health: -11/230    AC: 26    Str: 29    XL:     27
Magic:  36/36      EV: 27    Int: 18    God:    Lugonu [******]
Gold:   1608       SH:  0    Dex: 25    Spells: 11/38 levels left

rFire    + . .     SeeInvis +   a - +10 bardiche of Animal Spirits {drain, rPois rF+ rN+ Dex+2}
rCold    . . .     Gourm    .   (shield currently unavailable)
rNeg     + . .     Faith    .   p - +6 chain mail of the Battered Nights {Str+3 SInv}
rPois    +         Spirit   .   F - +1 helmet {Int+3}
rElec    +         Reflect  .   A - scarf {repulsion}
rCorr    .         Harm     .   Z - +2 pair of gloves "Imopo" {Str+4}
MR       ++++.                  s - +2 pair of boots {run}
Stlth    ..........             E - amulet of regeneration
HPRegen  0.88/turn              x - ring of Grontol {rElec MR+}
MPRegen  0.25/turn              O - ring "Romporoed" {MR+ Str-2 Int+5 Dex+4}

@: mighty, corroded, hasted, repel missiles, very quick
A: change form in water, swift swim, stealthy swim, rugged brown scales 1,
blink, dopey 1, poison resistance, subdued magic 1
}: 5/15 runes: decaying, serpentine, slimy, silver, abyssal
a: Blink, Depart the Abyss, Bend Space, Banish, Corrupt, Enter the Abyss,
Renounce Religion


You were on level 5 of the Realm of Zot.
You worshipped Lugonu.
Lugonu was exalted by your worship.
You were not hungry.

You visited 11 branches of the dungeon, and saw 57 of its levels.
You visited the Abyss 6 times.
You visited 1 bazaar.
You also visited: Trove, Sewer, Ossuary, Ice Cave and Wizlab.

You collected 9409 gold pieces.
You spent 7801 gold pieces at shops.

Inventory:

Hand Weapons
 a - the +10 bardiche of Animal Spirits (weapon) {drain, rPois rF+ rN+ Dex+2}
   (You acquired it on level 1 of the Swamp)

   A truly terrible weapon, it drains the life of those it strikes.
   It affects your dexterity (+2).
   It protects you from fire.
   It protects you from poison.
   It protects you from negative energy.
 b - the +18 lance "Wyrmbane" {slay drac, rPois rF+ rC+ AC+3}
   (You bought it in a shop on level 1 of the Depths)

   It affects your AC (+3).
   It protects you from fire.
   It protects you from cold.
   It protects you from poison.
 L - a +9 bardiche of distortion {!w}
Missiles
 o - 57 tomahawks (quivered)
 w - 7 throwing nets
 M - 8 needles of paralysis
Armour
 p - the +6 chain mail of the Battered Nights (worn) {Str+3 SInv}
   (You found it in a treasure trove)

   It affects your strength (+3).
   It lets you see invisible.
 s - a +2 pair of boots of running (worn)
 A - a scarf of repulsion (worn)
 F - a +1 helmet of intelligence (worn)
 Z - the +2 pair of gloves "Imopo" (worn) {Str+4}
   (You found it on level 6 of the Lair of Beasts)

   It affects your strength (+4).
Jewellery
 i - the ring of Vehumet's Castigation {rC++ MP+9 Slay+3}
   (You found it on level 3 of the Depths)

   [ring of magical power]

   It affects your accuracy and damage with ranged weapons and melee attacks
   (+3).
   It greatly protects you from cold.
   It affects your magic capacity (+9).
 x - the ring of Grontol (left hand) {rElec MR+}
   (You found it on level 5 of the Pits of Slime)

   [ring of protection from magic]

   It insulates you from electricity.
   It affects your resistance to hostile enchantments.
 E - an amulet of regeneration (around neck)
 O - the ring "Romporoed" (right hand) {MR+ Str-2 Int+5 Dex+4}
   (You found it in a wizard's laboratory)

   [ring of protection from magic]

   It affects your strength (-2).
   It affects your intelligence (+5).
   It affects your dexterity (+4).
   It affects your resistance to hostile enchantments.
Wands
 f - a wand of acid (32)
 q - a wand of clouds (5)
 y - a wand of digging (8)
 z - a wand of disintegration (62)
 B - a wand of enslavement (38)
 D - a wand of paralysis (30)
 V - a wand of polymorph (68)
 X - a wand of iceblast (22)
Scrolls
 d - 9 scrolls of fog
 h - 9 scrolls of blinking
 j - 32 scrolls of teleportation
 r - 8 scrolls of fear
 u - 25 scrolls of remove curse
 C - 4 scrolls of summoning
 G - 7 scrolls of magic mapping
 H - 9 scrolls of vulnerability
 J - 3 scrolls of holy word
Potions
 g - 28 potions of curing
 k - 24 potions of heal wounds
 m - 7 potions of cancellation
 n - 16 potions of flight
 t - 4 potions of resistance
 I - 13 potions of haste
 K - 6 potions of might
 N - 11 potions of lignification {!q}
 R - 8 potions of agility
 S - 4 potions of berserk rage {!q}
 T - 9 potions of ambrosia
 Y - 4 potions of invisibility
Miscellaneous
 e - 5 sacks of spiders
 l - a lightning rod (4/4)
 v - a lamp of fire
 P - 4 phantom mirrors
 Q - a fan of gales
 U - 5 boxes of beasts
 W - a phial of floods
Comestibles
 c - 77 rations


   Skills:
 - Level 20.0 Fighting
 - Level 26.0 Polearms
 + Level 20.0 Throwing
 + Level 14.7 Armour
 - Level 20.0 Dodging
 - Level 6.0 Spellcasting
 + Level 11.8 Hexes
 + Level 12.3 Charms
 - Level 5.0 Necromancy
 - Level 10.0 Translocations
 - Level 12.0 Transmutations
 + Level 10.8 Air Magic
 - Level 5.0 Earth Magic
 * Level 19.5 Invocations
 - Level 10.0 Evocations


You had 11 spell levels left.
You knew the following spells:

 Your Spells              Type           Power        Failure   Level  Hunger
a - Apportation           Tloc           ####..       1%          1    None
e - Blink                 Tloc           N/A          1%          2    None
f - Portal Projectile     Hex/Tloc       ####..       1%          3    ##.....
p - Passwall              Tmut/Erth      ####....     1%          2    None
r - Regeneration          Chrm/Necr      ####......   2%          3    ##.....
y - Yara's Violent Unrav  Hex/Tmut       #####.....   7%          5    #####..
D - Deflect Missiles      Chrm/Air       #####.....   41%         6    #######
S - Silence               Hex/Air        #####.....   9%          5    #####..

Your spell library contained the following spells:

 Spells                   Type           Power        Failure   Level  Hunger
 Beastly Appendage        Tmut           #####.       1%          1    None
 Confusing Touch          Hex            #####.       1%          1    None
 Corona                   Hex            #####..      1%          1    None
 Slow                     Hex            #####...     1%          2    None
 Sticks to Snakes         Tmut           #####...     1%          2    None
 Swiftness                Chrm/Air       #####...     1%          2    None
 Confuse                  Hex            #####...     1%          3    ##.....
 Gell's Gravitas          Tloc           ####......   1%          3    ##.....
 Lesser Beckoning         Tloc           ####......   1%          3    ##.....
 Tukima's Dance           Hex            #####...     1%          3    ##.....
 Cause Fear               Hex            #####.....   2%          4    ####...
 Animate Skeleton         Necr           N/A          3%          1    None
 Pain                     Necr           ###.         3%          1    None
 Sandblast                Erth           ###...       3%          1    None
 Shock                    Conj/Air       ###.         3%          1    None
 Airstrike                Air            ####......   3%          4    ####...
 Ensorcelled Hibernation  Hex/Ice        ###...       4%          2    None
 Poisonous Vapours        Pois/Air       ###...       5%          2    None
 Sublimation of Blood     Necr           ###.......   6%          2    None
 Blade Hands              Tmut           #####.....   6%          5    #####..
 Ozocubu's Armour         Chrm/Ice       ###.....     8%          3    ##.....
 Spider Form              Tmut/Pois      ###.......   8%          3    ##.....
 Dazzling Spray           Conj/Hex       ###...       9%          3    ##.....
 Inner Flame              Hex/Fire       ###.....     9%          3    ##.....
 Summon Guardian Golem    Hex/Summ       ###.....     9%          3    ##.....
 Petrify                  Tmut/Erth      ####....     10%         4    ####...
 Static Discharge         Conj/Air       ###.....     11%         3    ##.....
 Leda's Liquefaction      Hex/Erth       ####......   11%         4    ####...
 Recall                   Summ/Tloc      N/A          13%         3    ##.....
 Vampiric Draining        Necr           ###.......   13%         3    ##.....
 Ignite Poison            Fire/Tmut/Pois ###.....     19%         3    ##.....
 Mephitic Cloud           Conj/Pois/Air  ##......     22%         3    ##.....
 Excruciating Wounds      Chrm/Necr      ####......   26%         5    #####..
 Ice Form                 Ice/Tmut       ###.....     28%         4    ####...
 Fulminant Prism          Conj/Hex       ###.......   30%         4    ####...
 Flame Tongue             Conj/Fire      #....        32%         1    None
 Freeze                   Ice            #...         32%         1    None
 Magic Dart               Conj           #...         32%         1    None
 Sting                    Conj/Pois      #...         32%         1    None
 Summon Butterflies       Summ           #.......     32%         1    None
 Summon Small Mammal      Summ           #...         32%         1    None
 Stone Arrow              Conj/Erth      ##....       34%         3    ##.....
 Summon Lightning Spire   Summ/Air       ###.....     36%         4    ####...
 Hydra Form               Tmut           #####.....   36%         6    #######
 Invisibility             Hex            #####...     38%         6    #######
 Animate Dead             Necr           N/A          41%         4    ####...
 Force Lance              Conj/Tloc      ###.....     41%         4    ####...
 Call Imp                 Summ           #.......     47%         2    None
 Searing Ray              Conj           #.....       47%         2    None
 Throw Frost              Conj/Ice       #.....       47%         2    None
 Iskenderun's Battlesphe  Conj/Chrm      ###.....     61%         5    #####..
 Alistair's Intoxication  Tmut/Pois      ###.....     63%         5    #####..
 Irradiate                Conj/Tmut      ###.......   63%         5    #####..
 Metabolic Englaciation   Hex/Ice        ###.......   65%         5    #####..
 Summon Mana Viper        Hex/Summ       ###.....     65%         5    #####..
 Dispersal                Tloc           ####......   65%         6    #######
 Call Canine Familiar     Summ           #.......     71%         3    ##.....
 Conjure Flame            Conj/Fire      #.......     71%         3    ##.....
 Lightning Bolt           Conj/Air       ###.......   73%         5    #####..
 Borgnjor's Vile Clutch   Necr/Erth      ###.......   77%         5    #####..
 Lee's Rapid Deconstruct  Erth           ###.......   77%         5    #####..
 Statue Form              Tmut/Erth      ####.....    86%         6    #######
 Dragon Form              Tmut           #####.....   92%         7    #######
 Iskenderun's Mystic Bla  Conj           #.......     98%         4    ####...
 Olgreb's Toxic Radiance  Pois           #.......     98%         4    ####...
 Summon Ice Beast         Ice/Summ       #.......     98%         4    ####...
 Throw Icicle             Conj/Ice       #.......     98%         4    ####...
 Bolt of Draining         Conj/Necr      ##........   98%         5    #####..
 Bolt of Magma            Conj/Fire/Erth #.........   99%         5    #####..
 Aura of Abjuration       Summ           #.........   100%        5    #####..
 Fireball                 Conj/Fire      #.........   100%        5    #####..
 Venom Bolt               Conj/Pois      #.........   100%        5    #####..
 Bolt of Fire             Conj/Fire      #.........   100%        6    #######
 Death Channel            Necr           ###.......   100%        6    #######
 Freezing Cloud           Conj/Ice/Air   ##........   100%        6    #######
 Iron Shot                Conj/Erth      ##........   100%        6    #######
 Poison Arrow             Conj/Pois      #.........   100%        6    #######
 Simulacrum               Ice/Necr       ##........   100%        6    #######
 Haunt                    Necr/Summ      ##........   100%        7    #######
 Malign Gateway           Summ/Tloc      ###.......   100%        7    #######
 Monstrous Menagerie      Summ           #.........   100%        7    #######
 Orb of Destruction       Conj           #.........   100%        7    #######
 Ring of Flames           Chrm/Fire      ###.......   100%        7    #######
 Spellforged Servitor     Conj/Summ      #.........   100%        7    #######
 Summon Greater Demon     Summ           #.........   100%        7    #######
 Summon Hydra             Summ           #.........   100%        7    #######
 Borgnjor's Revivificati  Necr           ###.......   100%        8    #######
 Chain Lightning          Conj/Air       ###.......   100%        8    #######
 Controlled Blink         Tloc           N/A          100%        8    #######
 Death's Door             Chrm/Necr      ####......   100%        8    #######
 Disjunction              Tloc           ####......   100%        8    #######
 Ignition                 Fire           #.........   100%        8    #######
 Infestation              Necr           ###.......   100%        8    #######
 Lehudib's Crystal Spear  Conj/Erth      ##........   100%        8    #######
 Necromutation            Tmut/Necr      ####......   100%        8    #######
 Summon Horrible Things   Summ           #.........   100%        8    #######
 Dragon's Call            Summ           #.........   100%        9    #######
 Fire Storm               Conj/Fire      #.........   100%        9    #######
 Glaciate                 Conj/Ice       #.........   100%        9    #######
 Shatter                  Erth           ###.......   100%        9    #######


Dungeon Overview and Level Annotations

Branches:
Dungeon (15/15)            Temple (0/1) D:6            Lair (6/6) D:8
  Swamp (4/4) Lair:4        Snake (4/4) Lair:3        Slime (5/5) Lair:6
    Orc (2/2) D:9             Elf (3/3) Orc:2        Vaults (5/5) D:14
  Crypt (3/3) Vaults:2       Tomb (0/3) Crypt:3      Depths (5/5) D:15
    Zot (5/5) Depths:5

Altars:
Ashenzari
Cheibriados
Elyvilon
Gozag
Kikubaaqudgha
Nemelex Xobeh
Okawaru
Ru
Sif Muna
Uskayaw
Vehumet
Wu Jian
Xom
Yredelemnul
Zin
The Shining One
Beogh
Jiyva
Lugonu

Shops:
D:5 *   D:6 (   D:9 !:(%*   D:10 [   Orc:1 !   Orc:2 !([(   Elf:3 !:
Vaults:4 (?:   Depths:1 !(   Depths:4 }}=   Depths:5 (

Portals:
Hell: Depths:1 Depths:2 Depths:3 Depths:4 Depths:5
Abyss: Depths:2 Depths:4 Depths:5
Pandemonium: Depths:2 Depths:3 Depths:5
Ziggurat: Depths:1

Annotations:
Slime:5 ?BW
Elf:2 3 runed doors
Vaults:5 corrupted + GDA + ShDA + 3bardiche
Depths:1 Sniper


Innate Abilities, Weirdness & Mutations

You revert to your normal form in water.
You are very nimble and swift while swimming.
You are very stealthy in the water. (Stealth+)
You are partially covered in rugged brown scales. (AC +1, +3% HP)
You can translocate small distances at will.
You are dopey. (Int -2)
Your system is resistant to poisons. (rPois)
Your spells are a little easier to cast, but a little less powerful.


Message History

The green draconian is engulfed in blazing flames.
The yellow draconian is engulfed in blazing flames.
The ancient lich is engulfed in blazing flames.
The ancient lich touches you but does no damage.
You hit the ancient lich but do no damage.
The ancient lich is severely damaged.
The yellow draconian is engulfed in blazing flames.
The ancient lich is engulfed in blazing flames.
The ancient lich casts a spell at you. The bolt of acid hits you!
* * * LOW HITPOINT WARNING * * *
The acid corrodes you!
You are splashed with acid!
The acid burns!
* * * LOW HITPOINT WARNING * * *
You feel much better.
The yellow draconian is engulfed in blazing flames.
You feel much better.
The ancient lich is engulfed in blazing flames.
The ancient lich casts a spell at you. The crystal spear hits you!
You die...

...........## #.............
...........# #^............
...........## #.............
............# #.............
(...^.......## #.............
.............###.....^.......
###########...###...§§.......
# ##....##d§§§...^...
###..@Ld§§§....y%z
#▓▓▓▓▓▓▓▓▓▓▓##.d .


You could see an ancient lich, a yellow draconian (berserk) and a green
draconian (berserk).

Vanquished Creatures
  the Royal Jelly (Slime:5)
  An orb of fire (Zot:5)
  Khufu (Crypt:2)
  Mara (Crypt:2)
  3 ancient liches
  Mennas (Depths:3)
  A juggernaut (Depths:4)
  2 greater mummies (Crypt:2)
  Saint Roka (Orc:2)
  The ghost of Ryese the Scorcher, a veteran DEFE of Zin (Depths:4)
  Frederick (Vaults:5)
  Margery (Crypt:2)
  A Killer Klown (Zot:4)
  A curse toe (Zot:2)
  Nikola (Elf:3)
  8 golden dragons
  the Enchantress (Depths:4)
  A profane servitor (Crypt:1)
  A bone dragon (Depths:5)
  8 liches
  An electric golem (Zot:1)
  24 tentacled monstrosities
  4 deep elf blademasters (Elf:3)
  A moon troll (WizLab)
  10 Orb Guardians (Zot:5)
  6 quicksilver dragons
  4 titans
  25 acid blobs
  An ancient champion (Vaults:2)
  7 death cobs
  8 shadow dragons
  10 tentacled starspawn
  The ghost of Oozefury the Scorcher, an adept DEFE of Cheibriados (Snake:4)
  Kirke (D:12)
  8 sphinxes
  A thorn hunter (Swamp:2)
  19 storm dragons
  Roxanne (Swamp:3)
  5 tengu reavers
  5 draconian monks
  15 azure jellies
  A ghost moth (Zot:1)
  6 nagarajas (Snake:4)
  2 iron dragons (Depths:4)
  12 frost giants
  7 fire giants
  10 deep elf sorcerers
  4 draconian knights
  2 orc warlords
  A balrug (Depths:5)
  2 cacodemons (WizLab)
  8 draconian shifters
  18 vault wardens
  5 draconian scorchers
  12 deep elf elementalists
  28 very ugly things
  A caustic shrike skeleton (Depths:4)
  6 curse skulls
  7 ghouls
  A reaper (Crypt:2)
  Louise (Elf:3)
  8 spriggan defenders
  5 draconian stormcallers
  The ghost of Bomudom the Cruncher, a journeyman NaWz of Kikubaaqudgha (Lair:4)
  4 war gargoyles
  2 entropy weavers
  24 stone giants
  4 draconian annihilators
  The ghost of Zovvuf Hiev the Nimble, a journeyman HaHu of Dithmenos (D:14)
  8 ironheart preservers
  9 vampire knights
  4 deep elf demonologists
  9 green draconians
  11 purple draconians
  12 black draconians
  Nessos (Lair:6)
  6 dire elephants (Lair:6)
  7 yellow draconians
  4 deep elf annihilators
  17 starcursed masses
  17 spark wasps
  The ghost of Fucoru the Nimble, a journeyman SpBe of Trog (Depths:4)
  The ghost of Yxadin the Nimble, a journeyman SpBe of Trog (Depths:4)
  The ghost of Fucoru the Nimble, a journeyman SpBe of Trog (Depths:4)
  16 red draconians
  3 lorocyprocas
  10 white draconians
  6 eidola
  17 ettins
  3 crystal guardians
  7 great orbs of eyes
  9 death oozes
  13 deep elf high priests
  10 deep elf death magi
  10 jiangshi
  11 fire dragons
  Erolcha (D:12)
  14 yaktaur captains
  Fannar (D:12)
  3 rakshasas
  12 naga warriors
  33 vault guards
  A hydra (shapeshifter) (Depths:4)
  15 ice dragons
  Harold (D:8)
  3 shambling mangroves (Swamp:2)
  A ghost crab (Swamp:2)
  19 hydras
  4 spriggan air magi
  6 anacondas
  5 death knights
  12 centaur warriors
  A catoblepas (D:14)
  14 ogre magi
  A merfolk aquamancer (Depths:3)
  37 two-headed ogres
  15 dancing weapons
  11 alligators
  6 deep troll shamans
  A hell hog (Abyss:1)
  14 naga sharpshooters
  8 deep troll earth magi
  5 vampire magi
  6 tengu warriors
  The ghost of Verendum the Martial Artist, a novice OpFi of Cheibriados (D:7)
  4 orc high priests
  3 spriggan berserkers
  3 thrashing horrors (Abyss:1)
  Sonja (Lair:4)
  2 shock serpents (Snake:2)
  5 wretched stars
  8 deep elf knights
  A soul eater (Abyss:1)
  A sun demon (Depths:2)
  2 iron trolls (Depths:1)
  12 spriggans
  10 hell knights
  4 skeletal warriors
  A titan skeleton (Crypt:3)
  A salamander mystic (Depths:5)
  A shadow wraith (Crypt:1)
  A spatial maelstrom (Abyss:1)
  An orange crystal statue (WizLab)
  2 fire crabs (Swamp:4)
  The ghost of Oxuza the Nimble, a novice FeVM of Ru (Lair:1)
  30 deep trolls
  3 spriggan druids
  4 wizards
  A golden dragon zombie (Crypt:1)
  A quicksilver dragon simulacrum (Depths:4)
  A storm dragon skeleton (Vaults:3)
  5 unseen horrors
  5 sea snakes (Snake:2)
  12 deep elf archers
  12 glowing orange brains
  7 swamp dragons
  Pikel (D:9)
  A lindwurm (Swamp:4)
  18 harpies
  7 naga ritualists
  A harpy (shapeshifter) (Vaults:3)
  26 phantasmal warriors
  59 ugly things
  9 flayed ghosts
  A golden dragon skeleton (Crypt:3)
  35 deep elf magi
  9 orc knights
  22 ironbrand convokers
  5 shining eyes
  A wolf spider (shapeshifter) (Vaults:5)
  An anaconda skeleton (Crypt:1)
  10 necromancers
  A wolf spider zombie (D:15)
  5 wolf spiders
  A faun (shapeshifter) (D:10)
  14 mana vipers
  4 oklob plants (Zot:3)
  A manticore (D:14)
  2 shadow dragon skeletons (Crypt:3)
  A frost giant skeleton (Crypt:3)
  A moth of wrath (shapeshifter) (Vaults:5)
  5 cyclopes
  6 orc sorcerers
  An iron dragon skeleton (Crypt:2)
  20 moths of wrath
  4 elephants (Lair:6)
  8 salamanders
  A salamander (shapeshifter) (Elf:2)
  A black mamba (shapeshifter) (Vaults:3)
  10 fire giant skeletons (Crypt:3)
  A rust devil (Depths:2)
  The ghost of MothsLongingForFire the Grappler, a novice TrMo of Qazlal (D:5)
  46 black mambas
  An ice statue (IceCv)
  A guardian serpent (Snake:3)
  2 stone giant skeletons
  An elephant (shapeshifter) (Vaults:3)
  An apocalypse crab (Abyss:1)
  15 naga magi
  2 orange demons (Abyss:1)
  8 eyes of devastation
  A shock serpent skeleton (Crypt:2)
  15 vault sentinels
  7 gargoyles
  17 spiny frogs
  A spiny frog (shapeshifter) (Depths:1)
  2 rime drakes
  4 hellwings
  7 komodo dragons
  44 yaktaurs
  3 spark wasp simulacra
  11 freezing wraiths
  4 ancient zymes (Abyss:1)
  A golden dragon simulacrum (Depths:2)
  2 human skeletons (Vaults:4)
  3 guardian mummies (Crypt:3)
  A queen bee (shapeshifter) (Depths:1)
  A red devil (Depths:5)
  A hornet (shapeshifter) (Vaults:3)
  8 trolls
  10 tyrant leeches
  2 jumping spiders (shapeshifter)
  A meliai (shapeshifter) (Vaults:1)
  A merfolk (Depths:3)
  14 polar bears (IceCv)
  22 hornets
  Prince Ribbit (Lair:3)
  8 bog bodies
  5 raiju (Abyss:1)
  A spriggan zombie (Depths:2)
  103 slime creatures
  17 blink frogs
  A harpy skeleton (Crypt:2)
  13 hippogriffs
  A stone giant simulacrum (Crypt:1)
  An ettin skeleton (Crypt:2)
  Sigmund (D:5)
  An air elemental (Elf:2)
  A black mamba zombie (Crypt:2)
  6 fire dragon skeletons (Crypt:3)
  10 shadows
  5 wyverns
  73 yaks
  14 wraiths
  The ghost of vogonpoet the Magician, an amateur SpNe of Kikubaaqudgha (D:4)
  3 basilisks
  A fire bat (shapeshifter) (Vaults:4)
  4 steam dragons
  3 ynoxinuls
  A golden eye (Depths:2)
  4 water elementals
  6 neqoxecs
  4 hogs (D:12)
  10 fire elementals
  A hog (shapeshifter) (Vaults:5)
  Eustachio (D:5)
  A hungry ghost (Crypt:3)
  20 vampire mosquitoes
  9 wargs
  A faun zombie (Crypt:1)
  2 spatial vortices (Abyss:1)
  43 nagas
  17 swamp worms
  7 large abominations
  An acid dragon (D:15)
  10 water moccasins
  5 porcupines
  Purgy (Sewer)
  16 swamp drakes
  4 floating eyes (Depths:3)
  2 snapping turtle zombies
  54 orc warriors
  A black bear (D:7)
  2 ice beasts
  5 necrophages
  A spiny frog skeleton (Crypt:2)
  4 sky beasts
  19 wolves
  2 eyes of draining (Slime:5)
  31 ogres
  A phantom (D:12)
  4 boggarts
  3 centaurs
  A snapping turtle skeleton (Crypt:2)
  8 crocodiles
  8 big kobolds
  2 gnoll sergeants (D:9)
  9 bullfrogs
  A draconian skeleton (Crypt:2)
  An earth elemental (Elf:1)
  A glowing shapeshifter simulacrum (Vaults:3)
  2 scorpions
  A wyvern skeleton (D:14)
  A polar bear zombie (Crypt:1)
  4 killer bees (D:10)
  11 wights
  3 electric eels (Snake:2)
  6 small abominations
  2 crimson imps
  A bullfrog zombie (D:13)
  6 centaur zombies
  4 jellies
  5 quasits
  Crazy Yiuf (D:5)
  5 human simulacra
  20 orc priests
  A centaur skeleton (D:8)
  4 human zombies
  2 bullfrog skeletons
  4 hounds
  A gnoll shaman (D:8)
  An iguana (D:13)
  Natasha (thrice) (D:2)
  12 worker ants
  25 orc wizards
  A porcupine zombie (Crypt:2)
  3 lightning spires (Zot:3)
  A killer bee zombie (Crypt:2)
  3 big kobold zombies (Ossuary)
  An ogre zombie (Crypt:1)
  2 acid dragon skeletons
  2 hound zombies (D:11)
  13 mummies
  12 gnolls
  14 adders
  2 shadow imps
  A white imp (Abyss:1)
  An ufetubus (Abyss:3)
  An ooze (Lair:6)
  2 adder skeletons
  3 adder zombies
  3 worms (D:2)
  3 dart slugs (D:1)
  9 leopard geckos
  131 orcs
  A bat zombie (Crypt:1)
  6 giant cockroaches
  2 gnoll zombies (Ossuary)
  6 goblins
  7 hobgoblins
  11 jackals
  5 quokkas
  2 ball pythons
  7 bats
  9 frilled lizards
  A hobgoblin skeleton (Crypt:1)
  A hobgoblin zombie (Ossuary)
  6 jackal zombies (Ossuary)
  20 kobolds
  5 kobold zombies (Ossuary)
  An orc zombie (Ossuary)
  6 quokka zombies (Ossuary)
  11 rats
  5 rat zombies (Ossuary)
  A fire vortex (Depths:1)
  A lurking horror (Abyss:1)
  7 plants
  16 starspawn tentacles
2618 creatures vanquished.

Vanquished Creatures (collateral kills)
  An acid blob (Slime:5)
  A shining eye (Slime:5)
  2 slime creatures (Slime:5)
4 creatures vanquished.

Vanquished Creatures (others)
  A shadow dragon (Vaults:5)
  3 vault guards (Vaults:5)
  6 hydras
  An ironbrand convoker (Vaults:5)
  2 deep elf magi
  A large abomination (Elf:3)
  A freezing wraith (D:14)
  3 yaktaurs (Vaults:5)
  A tyrant leech (Swamp:1)
  A raiju (Abyss:1)
  A polar bear (IceCv)
  2 slime creatures (Slime:5)
  3 yaks (IceCv)
  A golden eye (Depths:2)
  A slave (D:9)
  3 swamp drakes (Swamp:4)
  8 wolves (IceCv)
  A small abomination (Abyss:1)
  An orc priest (D:9)
  An orc wizard (Elf:3)
  2 orcs (D:9)
  A giant cockroach (D:8)
  A demonic plant (WizLab)
  9 fungi
  13 plants
  19 starspawn tentacles
  12 withered plants (Crypt:3)
99 creatures vanquished.

Grand Total: 2721 creatures vanquished

Notes
Turn   | Place    | Note
-------+----------+-------------------------------------------
     0 | Abyss:1  | mopl the Merfolk Abyssal Knight began the quest for the
                  | Orb.
     0 | Abyss:1  | Reached XP level 1. HP: 18/18 MP: 2/2
    67 | Abyss:1  | Noticed a starcursed mass
    86 | D:1      | Escaped the Abyss
   495 | D:1      | Reached XP level 2. HP: 23/24 MP: 3/3
   768 | D:1      | Reached skill level 4 in Polearms
   834 | D:1      | Reached * piety under Lugonu
   983 | D:1      | Reached XP level 3. HP: 24/29 MP: 4/4
  1452 | D:2      | Noticed Natasha
  1673 | D:2      | Killed Natasha
  1673 | D:2      | Reached skill level 5 in Polearms
  1673 | D:2      | Reached skill level 3 in Invocations
  1673 | D:2      | Reached XP level 4. HP: 25/35 MP: 6/6
  1865 | D:2      | Noticed Natasha
  1953 | D:2      | Killed Natasha
  1953 | D:2      | Reached skill level 6 in Polearms
  2082 | D:2      | Noticed Natasha
  2092 | D:2      | Killed Natasha
  2092 | D:2      | Reached XP level 5. HP: 24/41 MP: 7/7
  2353 | D:2      | Reached ** piety under Lugonu
  2960 | D:3      | Reached skill level 7 in Polearms
  2974 | D:3      | Found an opulent altar of Gozag.
  3048 | D:3      | Reached skill level 4 in Invocations
  3314 | D:3      | Reached XP level 6. HP: 37/47 MP: 6/9
  3925 | D:4      | Reached *** piety under Lugonu
  3995 | D:4      | Reached skill level 8 in Polearms
  4103 | D:4      | Found a glowing drain.
  4108 | Sewer    | Entered a sewer
  4201 | Sewer    | Noticed Purgy
  4232 | Sewer    | Killed Purgy
  4232 | Sewer    | Reached skill level 9 in Polearms
  4232 | Sewer    | Reached XP level 7. HP: 51/52 MP: 8/10
  4394 | D:4      | Found a runed gate.
  4394 | D:4      | Found a runed gate.
  4400 | D:4      | Found a runed gate.
  4605 | D:4      | Noticed vogonpoet's ghost (amateur SpNe)
  4635 | D:5      | Entered Level 5 of the Dungeon
  4642 | D:5      | Reached skill level 5 in Invocations
  4860 | D:5      | Found a runed gate.
  4863 | D:5      | Noticed MothsLongingForFire's ghost (novice TrMo)
  4864 | D:5      | Found a runed gate.
  4865 | D:5      | Found a runed gate.
  4884 | D:5      | Noticed Eustachio
  4919 | D:5      | Reached skill level 10 in Polearms
  4949 | D:5      | Killed Eustachio
  4949 | D:5      | Reached XP level 8. HP: 44/58 MP: 10/12
  5147 | D:5      | Noticed Sigmund
  5171 | D:5      | Killed Sigmund
  5171 | D:5      | Reached skill level 1 in Throwing
  5171 | D:5      | Reached skill level 3 in Dodging
  5171 | D:5      | Reached skill level 6 in Invocations
  5335 | D:5      | Found a runed door.
  5336 | D:5      | Got a crystal mace
  5337 | D:5      | Identified the +4 mace of Cowardice {speed, +Blink +Rage
                  | Dex-2} (You found it on level 5 of the Dungeon)
  5341 | D:5      | Noticed Crazy Yiuf
  5349 | D:5      | Killed Crazy Yiuf
  5465 | D:5      | Found Beebuun's Assorted Antiques.
  5472 | D:5      | Bought a scroll labeled NEOKHLAN KUIS for 25 gold pieces
  5472 | D:5      | Bought a scroll labeled SOFUCZ NUENG for 25 gold pieces
  5472 | D:5      | Bought a fuming sapphire potion for 22 gold pieces
  5472 | D:5      | Bought a twisted cabochon amulet for 125 gold pieces
  5532 | D:5      | Reached skill level 11 in Polearms
  5646 | D:6      | Reached skill level 4 in Fighting
  5661 | D:6      | Reached **** piety under Lugonu
  5661 | D:6      | Reached skill level 1 in Evocations
  5706 | D:6      | Reached skill level 2 in Throwing
  5810 | D:6      | Found a staircase to the Ecumenical Temple.
  5863 | D:6      | Reached skill level 4 in Dodging
  5889 | D:6      | Found Caov's Weapon Emporium.
  5956 | D:6      | Found a sand-covered staircase.
  5960 | Ossuary  | Entered an ossuary
  6239 | Ossuary  | Reached XP level 9. HP: 55/66 MP: 10/13
  6349 | D:5      | Bought a scroll of identify for 50 gold pieces
  6646 | D:6      | Noticed a deep elf mage
  6656 | D:6      | Killed a deep elf mage
  6656 | D:6      | Reached skill level 12 in Polearms
  6656 | D:6      | Reached skill level 3 in Throwing
  6656 | D:6      | Reached skill level 5 in Dodging
  6656 | D:6      | Reached skill level 2 in Evocations
  6936 | D:7      | Reached skill level 5 in Fighting
  7061 | D:7      | Reached skill level 7 in Invocations
  7072 | D:7      | Reached ***** piety under Lugonu
  7703 | D:7      | Reached skill level 3 in Evocations
  7805 | D:7      | Found a transporter.
  7807 | D:7      | Noticed Verendum's ghost (novice OpFi)
  7808 | D:7      | Noticed a two-headed ogre
  7811 | D:7      | Found a transporter.
  8043 | D:7      | Found a sacrificial altar of Ru.
  8352 | D:8      | Reached XP level 10. HP: 74/74 MP: 15/15
  8396 | D:8      | Found a radiant altar of Vehumet.
  8404 | D:8      | Found a white marble altar of Elyvilon.
  8421 | D:8      | Reached skill level 13 in Polearms
  8438 | D:8      | Reached skill level 6 in Dodging
  8461 | D:8      | Noticed Harold
  8477 | D:8      | Killed Harold
  8477 | D:8      | Reached skill level 4 in Throwing
  8605 | D:8      | Found a staircase to the Lair.
  8610 | D:8      | Learned a level 1 spell: Apportation
  8644 | D:8      | Reached skill level 4 in Evocations
  8821 | D:8      | Reached skill level 6 in Fighting
  9091 | D:8      | Found an iron altar of Okawaru.
  9259 | D:4      | Killed vogonpoet's ghost
  9316 | D:5      | Killed MothsLongingForFire's ghost
  9508 | D:9      | Reached skill level 7 in Dodging
  9508 | D:9      | Reached skill level 8 in Invocations
  9667 | D:9      | Reached skill level 14 in Polearms
  9946 | D:9      | Reached skill level 5 in Throwing
  9961 | D:9      | Found a shattered altar of Ashenzari.
  9964 | D:9      | Found a snail-covered altar of Cheibriados.
  9965 | D:9      | Found Rynawk's General Store.
  9965 | D:9      | Found a hide-covered altar of Uskayaw.
  9997 | D:9      | Found Agecimumo's Antique Weapon Shoppe.
  9998 | D:9      | Found Xauc Lep's Book Shop.
 10045 | D:9      | Found an ornate altar of the Wu Jian Council.
 10094 | D:9      | Got a pair of faintly humming boots
 10100 | D:9      | Identified the +2 pair of boots of Plog {Int+3} (You found
                  | it on level 9 of the Dungeon)
 10139 | D:9      | Found Corphyre's Food Shoppe.
 10148 | D:9      | Noticed Pikel
 10166 | D:9      | Reached XP level 11. HP: 80/83 MP: 17/17
 10172 | D:9      | Killed Pikel
 10172 | D:9      | Reached skill level 5 in Evocations
 10375 | D:9      | Found a staircase to the Orcish Mines.
 10419 | D:9      | Found Sehos's Distillery.
 10427 | D:9      | Bought a potion of flight for 39 gold pieces
 10427 | D:9      | Bought a potion of curing for 39 gold pieces
 10427 | D:9      | Bought a potion of resistance for 130 gold pieces
 10454 | D:9      | Found a roughly hewn altar of Beogh.
 10626 | D:8      | You fall through a shaft for 3 floors!
 10626 | D:11     | Found a hide-covered altar of Uskayaw.
 10626 | D:11     | Noticed a cyclops
 10636 | D:11     | Noticed a centaur warrior
 10640 | D:11     | Noticed a red ugly thing
 10645 | D:11     | Noticed a faun
 10659 | D:10     | Entered Level 10 of the Dungeon
 10671 | D:10     | Killed a faun
 10671 | D:10     | Reached skill level 7 in Fighting
 10671 | D:10     | Reached skill level 8 in Dodging
 11261 | D:10     | Noticed a two-headed ogre
 11299 | D:10     | Killed a two-headed ogre
 11299 | D:10     | Reached skill level 15 in Polearms
 11407 | D:10     | Got a flickering platinum ring
 11409 | D:10     | Identified the ring of Segimu {rPois Str+3 Dex+3} (You
                  | found it on level 10 of the Dungeon)
 11570 | D:10     | Found Huowelyn's Armour Emporium.
 11911 | Lair:1   | Entered Level 1 of the Lair of Beasts
 12013 | Lair:1   | Reached skill level 6 in Throwing
 12020 | Lair:1   | Reached skill level 9 in Invocations
 12124 | Lair:1   | Found a runed door.
 12124 | Lair:1   | Noticed Oxuza's ghost (novice FeVM)
 12320 | Lair:1   | Killed Oxuza's ghost
 12500 | Lair:1   | Noticed an eight-headed hydra
 13117 | Lair:1   | Banished an eight-headed hydra
 13225 | Lair:1   | Reached skill level 9 in Dodging
 13283 | Lair:1   | Reached XP level 12. HP: 79/92 MP: 15/18
 13315 | Lair:1   | Reached skill level 8 in Fighting
 13390 | Lair:2   | Found a frozen archway.
 13393 | Lair:2   | Got a scorched dagger
 13404 | IceCv    | Entered an ice cave
 13409 | IceCv    | Reached skill level 16 in Polearms
 14061 | IceCv    | Reached skill level 7 in Throwing
 14144 | IceCv    | HP: 4/94 [polar bear (15)]
 15141 | IceCv    | Noticed a frost giant
 15165 | IceCv    | Killed a frost giant
 15165 | IceCv    | Reached skill level 17 in Polearms
 15165 | IceCv    | Reached skill level 10 in Dodging
 15165 | IceCv    | Reached skill level 10 in Invocations
 15199 | IceCv    | Reached ****** piety under Lugonu
 15382 | IceCv    | Identified the cursed +1 dagger "Taetog" {drain, rC+ rN+
                  | Str+3} (You found it on level 2 of the Lair of Beasts)
 15635 | Lair:2   | Reached skill level 9 in Fighting
 16171 | Lair:3   | Reached XP level 13. HP: 58/101 MP: 13/20
 16415 | Lair:3   | Found a staircase to the Snake Pit.
 16434 | Lair:3   | Noticed Prince Ribbit
 16604 | Lair:3   | Reached skill level 8 in Throwing
 17003 | Lair:3   | Killed Prince Ribbit
 17234 | Lair:4   | Found an opulent altar of Gozag.
 17234 | Lair:4   | Noticed Sonja
 17243 | Lair:4   | Killed Sonja
 17257 | Lair:4   | Reached skill level 18 in Polearms
 17367 | Lair:4   | Reached skill level 11 in Dodging
 17416 | Lair:4   | Found a staircase to the Swamp.
 17420 | Lair:4   | Found a runed door.
 17421 | Lair:4   | Found a shimmering altar of Xom.
 17421 | Lair:4   | Noticed Bomudom's ghost (journeyman NaWz)
 18732 | Lair:5   | Learned a level 2 spell: Blink
 19269 | Lair:6   | Entered Level 6 of the Lair of Beasts
 19598 | Lair:6   | Reached skill level 10 in Fighting
 19989 | Lair:6   | Reached skill level 11 in Invocations
 20097 | Lair:6   | Noticed Nessos
 20110 | Lair:6   | Killed Nessos
 20298 | Lair:6   | Reached XP level 14. HP: 102/110 MP: 19/22
 20446 | Lair:6   | Reached skill level 9 in Throwing
 20464 | Lair:6   | Reached skill level 19 in Polearms
 20535 | Lair:6   | Found a runed door.
 20536 | Lair:6   | Found a viscous altar of Jiyva.
 20675 | Lair:6   | Found a staircase to the Slime Pits.
 20857 | Lair:6   | Noticed a dire elephant
 20875 | Lair:6   | Killed a dire elephant
 21025 | Lair:6   | Noticed a dire elephant
 21025 | Lair:6   | Noticed a dire elephant
 21048 | Lair:6   | Killed a dire elephant
 21051 | Lair:6   | Killed a dire elephant
 21051 | Lair:6   | Reached skill level 12 in Dodging
 21083 | Lair:6   | Got a pair of smoking gloves
 21089 | Lair:6   | Identified the +2 pair of gloves "Imopo" {Str+4} (You found
                  | it on level 6 of the Lair of Beasts)
 21125 | Lair:6   | Noticed a dire elephant
 21133 | Lair:6   | Killed a dire elephant
 21270 | Lair:6   | Noticed a dire elephant
 21279 | Lair:6   | Killed a dire elephant
 21283 | Lair:6   | Noticed a dire elephant
 21327 | Lair:6   | Killed a dire elephant
 21564 | Orc:1    | Entered Level 1 of the Orcish Mines
 21573 | Orc:1    | Found Ethrinent's Distillery.
 21719 | Orc:1    | Noticed an orc warlord
 21732 | Orc:1    | Killed an orc warlord
 22050 | Orc:2    | Entered Level 2 of the Orcish Mines
 22050 | Orc:2    | Found a staircase to the Elven Halls.
 22064 | Orc:2    | Noticed Saint Roka
 22154 | Orc:2    | Killed Saint Roka
 22154 | Orc:2    | Reached skill level 11 in Fighting
 22154 | Orc:2    | Reached skill level 1 in Armour
 22373 | Orc:2    | Found a roughly hewn altar of Beogh.
 22373 | Orc:2    | Found Zeforanai's Weapon Shop.
 22465 | Orc:2    | Found a roughly hewn altar of Beogh.
 22489 | Orc:2    | Found a roughly hewn altar of Beogh.
 22542 | Orc:2    | Found a roughly hewn altar of Beogh.
 22610 | Orc:2    | Found a roughly hewn altar of Beogh.
 22631 | Orc:2    | Found Rifax's Distillery.
 22691 | Orc:2    | Reached skill level 20 in Polearms
 22864 | Orc:2    | Noticed an orc warlord
 22878 | Orc:2    | Killed an orc warlord
 23330 | Orc:2    | Found a roughly hewn altar of Beogh.
 23389 | Orc:2    | Found a roughly hewn altar of Beogh.
 23437 | Orc:2    | Paralysed by an orc sorcerer for 3 turns
 23454 | Orc:2    | Reached skill level 2 in Armour
 23459 | Orc:2    | Reached skill level 12 in Invocations
 23780 | Orc:2    | Found Pashaal's Antique Weapon Boutique.
 23781 | Orc:2    | Found a roughly hewn altar of Beogh.
 23784 | Orc:2    | Found Rimn's Antique Armour Shop.
 23801 | Orc:2    | Bought a glowing scarf for 192 gold pieces
 24198 | D:10     | Reached skill level 10 in Throwing
 24332 | D:11     | Reached XP level 15. HP: 110/119 MP: 21/24
 24700 | D:12     | Noticed Kirke
 24710 | D:12     | Reached skill level 13 in Dodging
 24723 | D:12     | Killed Kirke
 24754 | D:12     | Noticed Fannar
 24772 | D:12     | Killed Fannar
 24801 | D:12     | Reached skill level 3 in Armour
 24807 | D:12     | Got an uncursed iridescent hand axe {flame}
 24990 | D:12     | Noticed Erolcha
 25000 | D:12     | Killed Erolcha
 25791 | D:13     | Identified a scroll of acquirement
 25818 | D:13     | Identified the +9 hand axe of Peoset {flame, Fragile +Blink
                  | rC+ MR+} (You took it off a centaur on level 12 of the
                  | Dungeon)
 25828 | D:13     | Found a sacrificial altar of Ru.
 26353 | D:14     | Found a shattered altar of Ashenzari.
 26408 | D:14     | Noticed Zovvuf Hiev's ghost (journeyman HaHu)
 26482 | D:14     | Found a runed gate.
 26482 | D:14     | Found a runed gate.
 26484 | D:14     | Found a runed gate.
 26770 | D:14     | Found a gate to the Vaults.
 26954 | D:14     | Reached skill level 12 in Fighting
 26991 | D:14     | Killed Zovvuf Hiev's ghost
 27279 | D:15     | Entered Level 15 of the Dungeon
 27376 | D:15     | Reached skill level 4 in Armour
 27515 | D:15     | Reached XP level 16. HP: 88/127 MP: 10/25
 27552 | D:15     | Found a staircase to the Depths.
 27792 | D:15     | Reached skill level 11 in Throwing
 28396 | Swamp:1  | Entered Level 1 of the Swamp
 28407 | Swamp:1  | Reached skill level 14 in Dodging
 28582 | Swamp:1  | Reached skill level 13 in Invocations
 28677 | Swamp:1  | Reached skill level 21 in Polearms
 28690 | Swamp:1  | Found a glowing golden altar of the Shining One.
 28887 | Swamp:1  | Got a shimmering bardiche
 28888 | Swamp:1  | Identified the +10 bardiche of Animal Spirits {drain, rPois
                  | rF+ rN+ Dex+2} (You acquired it on level 1 of the Swamp)
 29202 | Swamp:2  | Noticed a tentacled monstrosity
 29213 | Swamp:2  | Killed a tentacled monstrosity
 29799 | Swamp:2  | Noticed a thorn hunter
 29824 | Swamp:2  | Killed a thorn hunter
 29824 | Swamp:2  | Reached skill level 5 in Armour
 30995 | Swamp:3  | Reached XP level 17. HP: 105/135 MP: 15/27
 31248 | Swamp:3  | Noticed Roxanne
 31259 | Swamp:3  | Killed Roxanne
 31259 | Swamp:3  | Reached skill level 13 in Fighting
 31450 | Swamp:4  | Entered Level 4 of the Swamp
 31542 | Swamp:4  | Reached skill level 22 in Polearms
 31888 | Swamp:3  | Reached skill level 15 in Dodging
 32172 | Swamp:4  | Reached skill level 12 in Throwing
 32496 | Swamp:4  | Got a decaying rune of Zot
 32779 | Lair:4   | Killed Bomudom's ghost
 32945 | D:7      | Killed Verendum's ghost
 32949 | D:7      | Got a brightly glowing great mace {drain}
 32969 | D:7      | Identified the +5 great mace "Kitar" {drain, Str-5 Int+4}
                  | (You took it off a two-headed ogre on level 7 of the
                  | Dungeon)
 33498 | Snake:1  | Entered Level 1 of the Snake Pit
 33503 | Snake:1  | Reached skill level 6 in Armour
 33701 | Snake:1  | Reached skill level 14 in Invocations
 34172 | Snake:1  | Found a sparkling altar of Nemelex Xobeh.
 34420 | Snake:1  | Learned a level 3 spell: Regeneration
 34423 | Snake:1  | Learned a level 2 spell: Passwall
 34701 | Snake:2  | Reached XP level 18. HP: 109/145 MP: 21/28
 34980 | Snake:2  | Reached skill level 23 in Polearms
 36110 | Snake:4  | Entered Level 4 of the Snake Pit
 36343 | Snake:4  | Found a runed gate.
 36343 | Snake:4  | Found a runed gate.
 36343 | Snake:4  | Found a runed gate.
 36366 | Snake:4  | Noticed Oozefury's ghost (adept DEFE)
 36387 | Snake:4  | Killed Oozefury's ghost
 36387 | Snake:4  | Reached skill level 14 in Fighting
 36868 | Snake:4  | Reached skill level 16 in Dodging
 37019 | Snake:4  | Reached skill level 7 in Armour
 37541 | Snake:4  | Got a serpentine rune of Zot
 37897 | Elf:1    | Entered Level 1 of the Elven Halls
 38149 | Elf:1    | Reached skill level 13 in Throwing
 38153 | Elf:1    | Cast into level 3 of the Abyss (a deep elf sorcerer)
 38154 | Abyss:3  | Found a corrupted altar of Lugonu.
 38172 | Abyss:3  | Found a corrupted altar of Lugonu.
 38179 | Abyss:3  | Reached XP level 19. HP: 60/152 MP: 10/30
 38254 | Abyss:3  | Got an abyssal rune of Zot
 38255 | Elf:1    | Escaped the Abyss
 38306 | Elf:1    | Reached skill level 6 in Evocations
 38517 | Elf:1    | Reached skill level 24 in Polearms
 39018 | Elf:2    | Found a runed gate.
 39018 | Elf:2    | Found a runed gate.
 39019 | Elf:2    | Found a runed gate.
 39166 | Elf:2    | Reached skill level 15 in Invocations
 39482 | Elf:3    | Entered Level 3 of the Elven Halls
 39484 | Elf:3    | Found Purionni's One-of-a-Kind Books.
 39535 | Elf:3    | Learned a level 5 spell: Yara's Violent Unravelling
 39566 | Elf:3    | Found a deep blue altar of Sif Muna.
 39586 | Elf:3    | Noticed Nikola
 39595 | Elf:3    | Killed Nikola
 39695 | Elf:3    | Found Ufiulonk's Distillery.
 39701 | Elf:3    | Bought a potion of curing for 48 gold pieces
 39701 | Elf:3    | Bought a potion of curing for 48 gold pieces
 39701 | Elf:3    | Bought a potion of haste for 160 gold pieces
 39701 | Elf:3    | Bought a potion of invisibility for 128 gold pieces
 39701 | Elf:3    | Bought a potion of curing for 48 gold pieces
 39701 | Elf:3    | Bought a potion of might for 64 gold pieces
 39701 | Elf:3    | Bought a potion of haste for 160 gold pieces
 39701 | Elf:3    | Bought a potion of haste for 160 gold pieces
 39701 | Elf:3    | Bought a potion of heal wounds for 80 gold pieces
 39701 | Elf:3    | Bought a potion of curing for 48 gold pieces
 39819 | Elf:3    | Noticed Louise
 39827 | Elf:3    | Killed Louise
 40012 | Elf:3    | Reached skill level 1 in Translocations
 40194 | Elf:3    | Reached skill level 7 in Evocations
 40381 | Elf:3    | Reached skill level 2 in Translocations
 40486 | Elf:3    | Reached skill level 8 in Armour
 40511 | Elf:3    | Cast into level 3 of the Abyss (a deep elf sorcerer)
 40535 | Elf:3    | Escaped the Abyss
 40537 | Elf:3    | Reached XP level 20. HP: 141/161 MP: 26/31
 40583 | Elf:3    | Reached skill level 17 in Dodging
 40746 | Elf:3    | Reached skill level 15 in Fighting
 40861 | Elf:3    | Reached skill level 25 in Polearms
 40865 | Elf:3    | Reached skill level 3 in Translocations
 40978 | Elf:3    | Got a heavily runed brass ring
 40986 | Elf:3    | Identified the ring "Loips" {Int+5 Stlth+} (You found it on
                  | level 3 of the Elven Halls)
 41013 | Elf:3    | Learned a level 3 spell: Portal Projectile
 41045 | Elf:3    | Identified the Handbook of Free Expression
 41097 | Elf:3    | Identified the Reference Book on Flight and Ice
 41133 | Elf:3    | Got a warped rapier
 41134 | Elf:3    | Identified the cursed +3 rapier of the Battered Lies
                  | {speed, rPois MR+ Int+3 SInv} (You found it on level 3 of
                  | the Elven Halls)
 41139 | Elf:3    | Got an ivory quarterstaff
 41140 | Elf:3    | Identified the +2 quarterstaff "Spider's Foe" {elec, MR+
                  | MP+9 Int+4 Dex+2} (You found it on level 3 of the Elven
                  | Halls)
 41163 | Elf:3    | Got an ancient broad axe
 41164 | Elf:3    | Identified the +7 broad axe of Ugaafas {elec, rF+} (You
                  | found it on level 3 of the Elven Halls)
 41689 | Vaults:1 | Entered Level 1 of the Vaults
 42120 | Vaults:1 | Reached skill level 8 in Evocations
 42694 | Vaults:1 | Got a translucent battleaxe
 42695 | Vaults:1 | Identified the cursed +1 battleaxe "Carhuysk" {elec, rElec}
                  | (You found it on level 1 of the Vaults)
 42745 | Vaults:1 | Reached skill level 4 in Translocations
 43149 | Vaults:2 | Found a portal to a secret trove of treasure.
 43180 | Vaults:2 | You paid a toll of 4 potions of resistance to enter a
                  | treasure trove
 43181 | Trove    | Entered a treasure trove
 43221 | Trove    | Got a distressingly furry plate armour
 43227 | Trove    | Identified the +9 plate armour of the Scribe {-Tele Slay+5}
                  | (You found it in a treasure trove)
 43234 | Trove    | Got a smoking chain mail
 43240 | Trove    | Identified the +6 chain mail of the Battered Nights {Str+3
                  | SInv} (You found it in a treasure trove)
 43248 | Trove    | Got a smoking buckler
 43254 | Trove    | Identified the +3 buckler of Nimiv {rElec Str+3 Int-4} (You
                  | found it in a treasure trove)
 43385 | Vaults:2 | Reached skill level 5 in Translocations
 43385 | Vaults:2 | Reached skill level 9 in Evocations
 43385 | Vaults:2 | Reached XP level 21. HP: 168/168 MP: 32/32
 43445 | Vaults:2 | Reached skill level 14 in Throwing
 43495 | Vaults:2 | Found a staircase to the Crypt.
 43509 | Vaults:2 | Reached skill level 26 in Polearms
 43791 | Vaults:2 | Reached XP level 22. HP: 173/176 MP: 33/33
 44495 | Vaults:2 | Reached skill level 1 in Spellcasting
 45334 | Vaults:2 | Reached skill level 2 in Spellcasting
 45343 | Vaults:2 | Reached skill level 9 in Armour
 45645 | Vaults:3 | Reached skill level 6 in Translocations
 45837 | Vaults:3 | Reached skill level 18 in Dodging
 45978 | Vaults:3 | Got a transparent arbalest
 45982 | Vaults:3 | Identified the +7 arbalest of Defiance {venom, rPois rC+
                  | Dex+4} (You found it on level 3 of the Vaults)
 46192 | Vaults:3 | Reached skill level 3 in Spellcasting
 46243 | Vaults:3 | Got an uncursed pitted broad axe {speed}
 46244 | Vaults:3 | Identified the +7 broad axe "Jybood" {speed, rF+ rN+} (You
                  | took it off a yaktaur captain on level 3 of the Vaults)
 46267 | Vaults:3 | Got a pitted buckler
 46274 | Vaults:3 | Identified the +4 buckler of Music {rN+ MP+9} (You acquired
                  | it on level 3 of the Vaults)
 46450 | Vaults:3 | Reached skill level 10 in Evocations
 46515 | Vaults:3 | Reached skill level 16 in Fighting
 47236 | Vaults:4 | Reached skill level 4 in Spellcasting
 47365 | Vaults:4 | Found Donudot's Magic Scroll Shoppe.
 47369 | Vaults:4 | Bought a scroll of random uselessness for 17 gold pieces
 47371 | Vaults:4 | Bought a scroll of teleportation for 51 gold pieces
 47371 | Vaults:4 | Bought a scroll of teleportation for 51 gold pieces
 47371 | Vaults:4 | Bought a scroll of enchant armour for 127 gold pieces
 47371 | Vaults:4 | Bought a scroll of summoning for 161 gold pieces
 47385 | Vaults:4 | Found Sihasiwk's Book Shoppe.
 47398 | Vaults:4 | Learned a level 5 spell: Silence
 47405 | Vaults:4 | Learned a level 6 spell: Deflect Missiles
 47411 | Vaults:4 | Found Azyw's Antique Weapon Shoppe.
 47418 | Vaults:4 | Bought a runed bardiche for 540 gold pieces
 47530 | Vaults:4 | Reached skill level 1 in Transmutations
 47530 | Vaults:4 | Reached XP level 23. HP: 174/184 MP: 34/34
 47541 | Vaults:4 | Reached skill level 1 in Charms
 47548 | Vaults:4 | Reached skill level 1 in Hexes
 47617 | Vaults:4 | Reached skill level 7 in Translocations
 47617 | Vaults:4 | Reached skill level 1 in Earth Magic
 47663 | Vaults:4 | Reached skill level 1 in Necromancy
 47663 | Vaults:4 | Reached skill level 1 in Air Magic
 47803 | Vaults:4 | Reached skill level 2 in Transmutations
 48450 | Lair:1   | Identified a +2 bardiche of distortion (a +0 bardiche
                  | corrupted by Lugonu)
 48450 | Lair:1   | Received a gift from Lugonu
 48844 | Vaults:5 | Entered Level 5 of the Vaults
 48857 | Vaults:4 | Reached skill level 2 in Charms
 48937 | Vaults:4 | Reached skill level 2 in Hexes
 48944 | Vaults:4 | Reached skill level 3 in Transmutations
 49134 | Crypt:1  | Entered Level 1 of the Crypt
 49402 | Crypt:1  | Reached skill level 2 in Necromancy
 49407 | Crypt:1  | Reached skill level 2 in Earth Magic
 49630 | Crypt:1  | Reached skill level 2 in Air Magic
 49768 | Crypt:1  | Reached skill level 3 in Charms
 49784 | Crypt:1  | Reached skill level 15 in Throwing
 50050 | Crypt:1  | Found a basalt altar of Yredelemnul.
 50090 | Crypt:1  | Reached skill level 4 in Transmutations
 50823 | Crypt:2  | Reached skill level 3 in Hexes
 50825 | Crypt:2  | Noticed a greater mummy
 50948 | Crypt:2  | Noticed a greater mummy
 50949 | Crypt:2  | Killed a greater mummy
 50953 | Crypt:2  | Noticed Khufu
 50966 | Crypt:2  | Killed a greater mummy
 50975 | Crypt:2  | Killed Khufu
 51086 | Crypt:2  | Reached skill level 3 in Necromancy
 51227 | Crypt:2  | Noticed Margery
 51237 | Crypt:2  | Reached skill level 4 in Charms
 51243 | Crypt:2  | Killed Margery
 51243 | Crypt:2  | Reached skill level 3 in Air Magic
 51243 | Crypt:2  | Reached skill level 3 in Earth Magic
 51263 | Crypt:2  | Reached skill level 5 in Transmutations
 51525 | Crypt:2  | Reached skill level 10 in Armour
 51607 | Crypt:2  | Noticed Mara
 51619 | Crypt:2  | Noticed mopl's illusion
 51724 | Crypt:2  | Killed Mara
 51724 | Crypt:2  | Reached XP level 24. HP: 128/191 MP: 34/34
 51826 | Crypt:2  | Reached skill level 19 in Dodging
 52094 | Crypt:2  | Reached skill level 4 in Hexes
 52743 | Crypt:3  | Entered Level 3 of the Crypt
 53255 | Crypt:3  | Got a dazzling scimitar
 53470 | Crypt:3  | Found a staircase to the Tomb.
 53488 | Crypt:3  | Reached skill level 8 in Translocations
 53519 | Crypt:3  | Reached skill level 5 in Charms
 54053 | Crypt:3  | Reached skill level 4 in Earth Magic
 54134 | Crypt:3  | Found an ancient bone altar of Kikubaaqudgha.
 54274 | Crypt:3  | Noticed an ancient lich
 54287 | Crypt:3  | Killed an ancient lich
 54287 | Crypt:3  | Reached skill level 4 in Necromancy
 54287 | Crypt:3  | Reached skill level 4 in Air Magic
 54306 | Crypt:3  | Identified the Collected Works on the Rocks and Hexes
 54503 | Crypt:3  | Reached skill level 5 in Hexes
 54843 | Vaults:5 | Corrupted Vaults:5
 55063 | Abyss:1  | Noticed an ancient lich
 55077 | Abyss:1  | Killed an ancient lich
 55077 | Abyss:1  | Reached skill level 17 in Fighting
 55343 | Vaults:5 | Escaped the Abyss
 55362 | Vaults:5 | Reached skill level 6 in Charms
 55570 | Vaults:5 | Reached skill level 5 in Earth Magic
 55581 | Vaults:5 | Reached XP level 25. HP: 111/199 MP: 34/34
 55700 | Vaults:5 | Reached skill level 5 in Necromancy
 55719 | Vaults:5 | Reached skill level 5 in Air Magic
 56004 | Vaults:5 | Reached skill level 7 in Charms
 56366 | Vaults:5 | Reached skill level 9 in Translocations
 56792 | Vaults:5 | Reached skill level 16 in Throwing
 56881 | Vaults:5 | Reached skill level 20 in Dodging
 56889 | Vaults:5 | Noticed Frederick
 56895 | Vaults:5 | Killed Frederick
 56895 | Vaults:5 | Reached skill level 6 in Hexes
 56908 | Vaults:5 | Reached skill level 8 in Charms
 56911 | Vaults:5 | Reached skill level 11 in Armour
 56938 | Vaults:5 | Identified the Grimoire of Mutagenic Dark Rites
 57063 | Vaults:5 | Identified the +4 ring mail "Lemix" {rF+ rN+ Str+4 Stlth-}
                  | (You found it on level 5 of the Vaults)
 57260 | Vaults:5 | Got a silver rune of Zot
 57276 | Vaults:5 | Identified the ring "Zoodoy" {+Blink rN+ Dex+4} (You found
                  | it on level 5 of the Vaults)
 58274 | Depths:1 | Entered Level 1 of the Depths
 58302 | Depths:1 | Reached skill level 7 in Hexes
 58339 | Depths:1 | Found a magical portal.
 58437 | WizLab   | Entered Lehudib's Moon Base
 58462 | WizLab   | Reached XP level 26. HP: 204/209 MP: 34/34
 58478 | WizLab   | Gained mutation: You are weak. (Str -2) [a neqoxec]
 58525 | WizLab   | Reached skill level 9 in Charms
 58759 | WizLab   | Reached skill level 18 in Fighting
 58935 | WizLab   | Identified a +2 pair of boots of running (You found it in a
                  | wizard's laboratory)
 58978 | WizLab   | Found a transporter.
 59002 | WizLab   | Reached skill level 10 in Translocations
 59106 | WizLab   | Paralysed by accursed screaming for 1 turns
 59227 | WizLab   | Found a transporter.
 59235 | WizLab   | Found the +9 heavy crossbow "Sniper" {velocity, Acc+∞ SInv}
 59448 | WizLab   | Identified Lehudib's Papyrus of the Quantum Mountains
 59506 | WizLab   | Identified the Collected Works on Intoxication and Combat
                  | Magic
 59509 | WizLab   | Got a pitted wooden ring
 59517 | WizLab   | Identified the ring "Romporoed" {MR+ Str-2 Int+5 Dex+4}
                  | (You found it in a wizard's laboratory)
 59564 | WizLab   | Lost mutation: You are weak. (Str -2) [potion of mutation]
 59564 | WizLab   | Gained mutation: Scrolls take you a little longer to read.
                  | [potion of mutation]
 59564 | WizLab   | Gained mutation: You are agile. (Dex +2) [potion of
                  | mutation]
 59565 | WizLab   | Lost mutation: Scrolls take you a little longer to read.
                  | [potion of mutation]
 59565 | WizLab   | Lost mutation: You are agile. (Dex +2) [potion of mutation]
 59565 | WizLab   | Gained mutation: You have a pair of small antennae on your
                  | head. [potion of mutation]
 59565 | WizLab   | Gained mutation: Your spells are a little easier to cast,
                  | but a little less powerful. [potion of mutation]
 59565 | WizLab   | Lost mutation: You have a pair of small antennae on your
                  | head. [potion of mutation]
 59565 | WizLab   | Gained mutation: You are surrounded by a mild repulsion
                  | field. (EV +2) [potion of mutation]
 59568 | WizLab   | Lost mutation: Your spells are a little easier to cast, but
                  | a little less powerful. [potion of mutation]
 59568 | WizLab   | Lost mutation: You are surrounded by a mild repulsion
                  | field. (EV +2) [potion of mutation]
 59568 | WizLab   | Gained mutation: Your system is resistant to poisons.
                  | (rPois) [potion of mutation]
 59568 | WizLab   | Gained mutation: Your muscles are strong. (Str +2) [potion
                  | of mutation]
 59731 | Depths:1 | Found a gateway to a ziggurat.
 59838 | Depths:1 | Found a gateway to Hell.
 59862 | Depths:1 | Reached skill level 8 in Hexes
 59990 | Depths:1 | Found Bikuewea's Distillery.
 60011 | Depths:1 | Reached skill level 10 in Charms
 60015 | Depths:1 | Bought a potion of heal wounds for 95 gold pieces
 60015 | Depths:1 | Bought a potion of heal wounds for 95 gold pieces
 60015 | Depths:1 | Bought a potion of curing for 57 gold pieces
 60015 | Depths:1 | Bought a potion of curing for 57 gold pieces
 60015 | Depths:1 | Bought 2 potions of resistance for 380 gold pieces
 60015 | Depths:1 | Bought a potion of berserk rage for 95 gold pieces
 60015 | Depths:1 | Bought a potion of cancellation for 152 gold pieces
 60015 | Depths:1 | Bought a potion of ambrosia for 152 gold pieces
 60015 | Depths:1 | Bought a potion of flight for 57 gold pieces
 60092 | Depths:1 | Found Bymi's Magic Scroll Emporium.
 60098 | Depths:1 | Found Kalo's Antique Weapon Shoppe.
 60108 | Depths:1 | Bought the +8 lance "Wyrmbane" {slay drac, rPois rF+ rC+
                  | AC+3} for 2585 gold pieces
 60108 | Depths:1 | Found the +8 lance "Wyrmbane" {slay drac, rPois rF+ rC+
                  | AC+3}
 60614 | Slime:1  | Entered Level 1 of the Pits of Slime
 61019 | Slime:2  | Reached skill level 17 in Throwing
 61099 | Slime:3  | Gained mutation: Your magical capacity is low. (-10% MP) [a
                  | shining eye]
 61122 | Slime:1  | Reached skill level 12 in Armour
 61596 | Slime:5  | Entered Level 5 of the Pits of Slime
 62032 | Slime:5  | Found the +3 giant club "Skullcrusher" {speed, Str+7}
 62032 | Slime:5  | Found a viscous altar of Jiyva.
 62033 | Slime:5  | Noticed the Royal Jelly
 62098 | Slime:5  | Killed the Royal Jelly
 62098 | Slime:5  | Reached skill level 19 in Fighting
 62432 | Slime:4  | Reached XP level 27. HP: 206/218 MP: 30/30
 62653 | Slime:5  | Identified the Catalogue of Flamy Curses
 62671 | Slime:5  | Got a slimy rune of Zot
 62686 | Slime:5  | Identified the ring of Grace {+Fly rF+ Str+4 Int+3} (You
                  | found it on level 5 of the Pits of Slime)
 62690 | Slime:5  | Got a bound iron ring
 62691 | Slime:5  | Identified the ring of Grontol {rElec MR+} (You found it on
                  | level 5 of the Pits of Slime)
 62790 | Slime:5  | Got a jewelled plate armour
 62801 | Slime:5  | Identified the cursed +1 plate armour of Fanaticism {*Slow
                  | Dex+7 Slay+6} (You found it on level 5 of the Pits of
                  | Slime)
 62894 | Slime:5  | Identified the +5 broad axe "Ytwuq" {freeze, rPois rN+}
                  | (You found it on level 5 of the Pits of Slime)
 64016 | Depths:2 | Found a one-way gate to the infinite horrors of the Abyss.
 64066 | Depths:2 | Found a transporter.
 64194 | Depths:2 | Reached skill level 6 in Transmutations
 64544 | Depths:2 | Reached skill level 5 in Spellcasting
 64889 | Depths:2 | Found a one-way gate leading to the halls of Pandemonium.
 64965 | Depths:2 | Found a transporter.
 64972 | Depths:2 | Reached skill level 7 in Transmutations
 65143 | Depths:3 | Paralysed by a floating eye for 4 turns
 65160 | Depths:3 | Reached skill level 18 in Throwing
 65168 | Depths:3 | Reached skill level 6 in Air Magic
 65201 | Depths:3 | Found a sparkling altar of Nemelex Xobeh.
 65266 | Depths:3 | Noticed Mennas
 65275 | Depths:3 | Paralysed by a floating eye for 2 turns
 65284 | Depths:3 | Killed Mennas
 65528 | Depths:3 | Found a glowing silver altar of Zin.
 65575 | Depths:3 | Reached skill level 8 in Transmutations
 65659 | Depths:3 | Reached skill level 13 in Armour
 65691 | Depths:3 | Cast into level 1 of the Abyss (orc warrior)
 65763 | Depths:3 | Escaped the Abyss
 65777 | Depths:3 | Reached skill level 6 in Spellcasting
 65791 | Depths:3 | Got a fine iron ring
 65795 | Depths:3 | Identified the cursed ring of the Manifold Allies {EV-2
                  | Stlth+} (You found it on level 3 of the Depths)
 65840 | Depths:3 | Paralysed by a floating eye for 2 turns
 65916 | Depths:3 | Got a wavering bronze ring
 65918 | Depths:3 | Identified the ring of Xioweel {Wiz *Drain rElec rF+++
                  | Stlth-} (You found it on level 3 of the Depths)
 66050 | Depths:3 | Got a glittering jade ring
 66052 | Depths:3 | Identified the ring of Vehumet's Castigation {rC++ MP+9
                  | Slay+3} (You found it on level 3 of the Depths)
 66112 | Depths:3 | Identified the +6 flail "Banisher" {antimagic, Stlth+} (You
                  | took it off a centaur warrior on level 3 of the Depths)
 66136 | Depths:3 | Lost mutation: Your magical capacity is low. (-10% MP)
                  | [potion of mutation]
 66136 | Depths:3 | Lost mutation: Your muscles are strong. (Str +2) [potion of
                  | mutation]
 66136 | Depths:3 | Gained mutation: You are partially covered in rugged brown
                  | scales. (AC +1, +3% HP) [potion of mutation]
 66136 | Depths:3 | Gained mutation: You occasionally shout uncontrollably at
                  | your foes. [potion of mutation]
 66136 | Depths:3 | Lost mutation: You occasionally shout uncontrollably at
                  | your foes. [potion of mutation]
 66136 | Depths:3 | Gained mutation: You can translocate small distances at
                  | will. [potion of mutation]
 66296 | Depths:4 | Reached skill level 9 in Transmutations
 66324 | Depths:4 | Reached skill level 7 in Air Magic
 66341 | Depths:4 | Found a flickering gateway to a bazaar.
 66354 | Bazaar   | Entered a bazaar
 66354 | Bazaar   | Found Xuyta Dyun's Weapon Emporium.
 66361 | Bazaar   | Found Capau's Distillery.
 66369 | Bazaar   | Bought a potion of agility for 60 gold pieces
 66369 | Bazaar   | Bought a potion of agility for 60 gold pieces
 66369 | Bazaar   | Bought a potion of resistance for 150 gold pieces
 66369 | Bazaar   | Bought a potion of ambrosia for 120 gold pieces
 66369 | Bazaar   | Bought a potion of ambrosia for 120 gold pieces
 66369 | Bazaar   | Bought a potion of invisibility for 120 gold pieces
 66369 | Bazaar   | Bought a potion of haste for 150 gold pieces
 66389 | Bazaar   | Found Oliorphuu's Assorted Antiques.
 66397 | Bazaar   | Bought a scroll of identify for 38 gold pieces
 66397 | Bazaar   | Bought a spiked chain mail for 180 gold pieces
 66397 | Bazaar   | Bought a potion of might for 76 gold pieces
 66407 | Bazaar   | Identified the +3 chain mail of the Earth {*Contam rC++
                  | Dex+3 Stlth+} (You bought it in a shop in a bazaar)
 66424 | Bazaar   | Found Goosch's Weapon Shoppe.
 66442 | Bazaar   | Bought 2 potions of haste for 380 gold pieces
 66542 | Depths:4 | Found a sparkling altar of Nemelex Xobeh.
 66600 | Depths:4 | Noticed a juggernaut
 66629 | Depths:4 | Reached skill level 16 in Invocations
 66633 | Depths:4 | Reached skill level 20 in Fighting
 66637 | Depths:4 | Killed a juggernaut
 66948 | Depths:4 | Reached skill level 10 in Transmutations
 66976 | Depths:4 | Found a runed gate.
 66977 | Depths:4 | Found a runed gate.
 66977 | Depths:4 | Noticed Yxadin's ghost (journeyman SpBe)
 66997 | Depths:4 | Identified the +4 chain mail of an ice cave {Slay+3} (You
                  | found it on level 4 of the Depths)
 67156 | Depths:4 | Found a runed gate.
 67156 | Depths:4 | Noticed Fucoru's ghost (journeyman SpBe)
 67158 | Depths:4 | Noticed Fucoru's ghost (journeyman SpBe)
 67158 | Depths:4 | Noticed Ryese's ghost (veteran DEFE)
 67200 | Depths:4 | Killed Fucoru's ghost
 67227 | Depths:4 | Killed Ryese's ghost
 67234 | Depths:4 | Killed Yxadin's ghost
 67237 | Depths:4 | Killed Fucoru's ghost
 67339 | Depths:4 | Found Zixefuh's Jewellery Emporium.
 67339 | Depths:4 | Found Efree's Gadget Shop.
 67340 | Depths:4 | Found Nisich's Gadget Shop.
 67354 | Depths:4 | Bought a cursed amulet of inaccuracy for 26 gold pieces
 67354 | Depths:4 | Bought a cursed ring of attention for 58 gold pieces
 67643 | Depths:5 | Entered Level 5 of the Depths
 67690 | Depths:5 | Found a corrupted altar of Lugonu.
 68053 | Depths:5 | Reached skill level 8 in Air Magic
 68553 | Depths:5 | Found Konetun's Antique Weapon Shoppe.
 68577 | Depths:5 | Reached skill level 11 in Transmutations
 68774 | Depths:5 | Noticed the Enchantress
 68800 | Depths:4 | Killed the Enchantress
 68838 | Depths:4 | Got faerie dragon scales
 68851 | Depths:4 | Identified the +1 faerie dragon scales {rCorr MP+5 Dex+4}
                  | (You took it off the Enchantress on level 4 of the Depths)
 68882 | Depths:4 | Reached skill level 9 in Hexes
 69152 | Depths:5 | Found a gate to the Realm of Zot.
 69306 | Zot:1    | Entered Level 1 of the Realm of Zot
 69325 | Zot:1    | Reached skill level 19 in Throwing
 69478 | Zot:1    | Reached skill level 17 in Invocations
 69775 | Abyss:1  | Reached skill level 9 in Air Magic
 69896 | Zot:1    | Escaped the Abyss
 70147 | Zot:1    | Reached skill level 12 in Transmutations
 70209 | Zot:1    | Reached skill level 14 in Armour
 70828 | Zot:2    | Reached skill level 10 in Hexes
 71401 | Zot:2    | Reached skill level 18 in Invocations
 72136 | Zot:2    | Reached skill level 11 in Charms
 72377 | Zot:3    | Reached skill level 10 in Air Magic
 72957 | Zot:3    | Reached skill level 11 in Hexes
 73927 | Zot:4    | Reached skill level 19 in Invocations
 74410 | Zot:5    | Entered Level 5 of the Realm of Zot
 74524 | Zot:5    | Gained mutation: You are dopey. (Int -2) [a Zot trap]
 74745 | Zot:5    | Reached skill level 12 in Charms
 75155 | Zot:5    | Noticed an ancient lich
 75179 | Zot:5    | Killed an ancient lich
 75257 | Zot:5    | Noticed an orb of fire
 75258 | Zot:5    | Noticed an ancient lich
 75268 | Zot:5    | Gained mutation: Your spells are a little easier to cast,
                  | but a little less powerful. [an orb of fire]
 75277 | Zot:5    | Killed an orb of fire
 75277 | Zot:5    | Reached skill level 20 in Throwing
 75286 | Zot:5    | Killed from afar by an ancient lich

Vault maps used:
D:1:      dpeg_arrival_three_same_balls, minmay_misc_feat_rows
D:2:      uniq_natasha
D:3:      grunt_gozag_statues
D:4:      first_ration, portal_sewer_entry_e, ebering_ghost_rock_garden,
          sigmund_army
D:5:      ebering_ghost_rock_garden, serial_shops,
          nicolae_shop_overgrown_old_shop, uniq_sigmund,
          uniq_crazy_yiuf_cottage, uniq_eustachio
D:6:      minmay_temple_entry_purple_smoke, enter_ossuary_5, serial_shops, shop,
          st_stairs_13, guppyfry_early_elven_hall
D:7:      nicolae_ru_great_annihilating_truth, gammafunk_ghost_smash
D:8:      elyvilon_altar_4, lemuel_doored_altar, david_lair_shrubbed,
          blue_anna_alchemist, david_defended_altar_orc, uniq_harold
D:9:      gammafunk_temple_overflow_forgotten, kennysheep_little_box,
          kennysheep_orc_monster_closet_entryway, serial_shops, shop, shop,
          shop, shop, nicolae_shop_trees, uniq_pikel
D:10:     serial_shops, nicolae_shop_trees
D:11:     basic_altar
D:12:     grunt_ministairs_15, uniq_fannar, uniq_kirke, uniq_erolcha
D:13:     serial_column_ruins, column_ruins_hut, column_ruins_temple_hut,
          column_ruins_grid_4, column_ruins_columns_straight,
          column_ruins_open_tiny, column_ruins_grid_2,
          column_ruins_columns_straight
D:14:     david_vaults_4, lemuel_crystal_altar, gammafunk_ghost_split
D:15:     grunt_enter_depths_hoard, minmay_misc_feat_cross
Lair:1:   hellmonk_ghost_happy_afterlife, hibernation_bobbens, lemuel_fruit_tree
Lair:2:   portal_ice_cave_entry_pillars_1, minmay_holes
Lair:3:   minmay_snake_entry_guardpost_small, uniq_prince_ribbit2
Lair:4:   swamp_mist, basic_altar, ebering_ghost_xom, grunt_megastairs_3,
          uniq_sonja
Lair:5:   statuecave_lemuel, grunt_megastairs_2
Lair:6:   due_jungle_book, slime_altar_2, uniq_nessos
Swamp:1:  basic_altar
Swamp:2:  nicolae_swamp_very_dense_foliage
Swamp:3:  evilmike_swamp_ruin_house_2, grunt_hermit_hut, uniq_roxanne
Swamp:4:  swamp_fiery
Snake:1:  basic_altar, serial_bayou_shore_b
Snake:2:  serial_bayou_lake_a
Snake:3:  serial_bayou_shore_b
Snake:4:  minmay_snake_end_coiled, ebering_ghost_rock_garden
Orc:1:    serial_shops, nicolae_shop_crystal
Orc:2:    grunt_orc_community_town_hall, grunt_orc_community_big_house_1,
          grunt_orc_community_big_house_1, grunt_orc_community_house_2,
          grunt_orc_community_house_3, grunt_orc_community_house_3,
          grunt_orc_community_house_1, grunt_orc_community_house_2,
          nicolae_orc_rockfall, uniq_saint_roka
Elf:1:    minivault_28
Elf:2:    grunt_ministairs_3
Elf:3:    minmay_elf_hall_hex, serial_shops, nicolae_shop_statue_plus,
          basic_altar, nicolae_rare_books, uniq_nikola, uniq_louise
Vaults:1: nicolae_vaults_mini_display_case, nicolae_vaults_asterisk,
          vaults_room_grunt_arrival_ludios, hangedman_vaults_capsules,
          vaults_mumra_minichess, v_pattern_1, vaults_room_fours
Vaults:2: minmay_crypt_entry_simple_sparse, v_misc_13, v_alt_pattern_6,
          nicolae_vaults_display_case, vaults_room_stairs_pillars, enter_trove_1
Vaults:3: v_misc_18, dpeg_vaults_monster_row, nicolae_vaults_alarming,
          hangedman_vaults_cutoff, vaults_standard_mumra_lines, st_lines,
          nicolae_vaults_yaktaur_gun_rack
Vaults:4: vaults_dpeg_doors, hangedman_vaults_hard_town_square,
          hangedman_vaults_restitches, nicolae_vaults_theta,
          hangedman_vaults_corner, hangedman_vaults_snaps, v_misc_26,
          vaults_dpeg_diagonal, dpeg_vaults_monster_box
Vaults:5: serial_shops, uniq_frederick
Crypt:1:  gammafunk_crypt_yreds_forest
Crypt:2:  uniq_khufu, uniq_mara, uniq_margery
Crypt:3:  quadcrypt_mu
Depths:1: enter_ziggurat_d, nicolae_lava_and_water, hangedman_tar_grid_catacomb,
          serial_shops, nicolae_shop_waterfront,
          infiniplex_enter_wizlab_glasses, nicolae_sextant, minmay_librarian,
          minmay_shoptagon
Depths:2: gammafunk_jiyva_shrine, abyss_entry_crystal, hell_entry,
          minmay_staircase_statues_hall_large, rand_demon_pan_entry_1
Depths:3: hangedman_spin_cycle, pan_entry, hell_entry, uniq_mennas
Depths:4: minmay_ambush_box, gammafunk_ghost_cemetery, nicolae_water_bricks,
          abyss_entry, serial_shops, bzr_entry_road, hell_entry,
          grunt_ministairs_13, nemelex_xobeh_ov_fountains_minmay,
          minmay_shop_grove, infiniplex_staircase_squiggle
Depths:5: grunt_zot_entry_bicorn, abyss_entry_flame_altar, hellmouth_1,
          pan_entry, serial_shops, shop_fountains, corexii_leaking_fountain,
          uniq_enchantress
Zot:1:    kennysheep_blocky_room
Zot:3:    evilmike_crystal_ball_defense
Zot:5:    lemuel_baited_zot_trap
Abyss:1:  hangedman_abyss_or_decor_passed, minivault_25_ag,
          evilmike_abyss_exit_vortex
Abyss:3:  nicolae_abyss_rune_left_handed, evilmike_abyss_exit_14,
          evilmike_abyss_exit_plants, hangedman_abyss_or_decor_lesser_grid,
          hangedman_classic_abyss_death, evilmike_abyss_exit_2
Bazaar:   bazaar_kb_twisted_cavern
Trove:    trove_garden
Sewer:    sewer_co_purgy_island
Ossuary:  minmay_ossuary_two_tombs
IceCv:    ice_cave_caverns_02
WizLab:   wizlab_lehudib

Skill      XL: |  1  2  3  4  5  6  7  8  9 10 11 12 13 14 15 16 17 18 19 20 21 22 23 24 25 26 27 |
---------------+----------------------------------------------------------------------------------+-----
Polearms       | 4 5 6 7 9 10 11 12 14 15 17 18 20 21 22 23 24 25 26 | 26.0
Invocations    | 3 4 5 6 7 8 9 10 11 12 13 14 15 19 | 19.5
Throwing       | 2 3 5 6 7 8 10 11 12 13 14 15 16 17 20 | 20.0
Dodging        | 4 5 7 9 10 11 12 13 14 15 16 17 18 19 20 | 20.0
Fighting       | 4 5 6 7 9 10 11 12 13 14 15 16 17 19 20 | 20.0
Evocations     | 1 3 4 5 7 9 10 | 10.0
Armour         | 2 4 5 6 7 8 9 10 11 12 14 | 14.7
Translocations | 2 5 6 7 8 9 10 | 10.0
Spellcasting   | 4 6 |  6.0
Transmutations | 1 5 12 | 12.0
Charms         | 4 6 8 10 12 | 12.3
Hexes          | 3 5 7 8 11 | 11.8
Earth Magic    | 3 5 |  5.0
Necromancy     | 3 4 5 |  5.0
Air Magic      | 3 4 5 10 | 10.8

Action                   |  1- 3 |  4- 6 |  7- 9 | 10-12 | 13-15 | 16-18 | 19-21 | 22-24 | 25-27 || total
-------------------------+-------+-------+-------+-------+-------+-------+-------+-------+-------++-------
Melee: Spear             |   101 |   274 |   651 |   314 |       |       |       |       |       ||  1340
       Dagger            |     8 |    34 |       |       |       |       |       |       |       ||    42
       Tailslap          |       |     4 |     1 |    10 |       |    27 |       |    10 |     2 ||    54
       Mace              |       |       |     6 |       |       |       |       |       |       ||     6
       Trident           |       |       |       |   753 |     8 |       |       |       |       ||   761
       Glaive            |       |       |       |    43 |  1470 |   144 |       |       |       ||  1657
       Bardiche          |       |       |       |       |       |  1174 |   827 |  1765 |  3134 ||  6900
       Lance             |       |       |       |       |       |       |       |       |   387 ||   387
Throw: Tomahawk          |       |       |     5 |       |    13 |    74 |    37 |    27 |   114 ||   270
       Throwing net      |       |       |       |       |       |       |       |     3 |       ||     3
 Cast: Apportation       |       |       |       |       |       |       |     1 |     2 |     5 ||     8
       Portal Projectile |       |       |       |       |       |       |       |       |     5 ||     5
       Blink             |       |       |       |       |       |       |       |       |     9 ||     9
       Regeneration      |       |       |       |       |       |       |       |       |    13 ||    13
       Deflect Missiles  |       |       |       |       |       |       |       |       |     1 ||     1
       Silence           |       |       |       |       |       |       |       |       |     1 ||     1
Invok: Depart the Abyss  |     1 |       |       |       |       |       |     2 |     1 |     1 ||     5
       Banish            |       |       |       |     4 |     2 |    13 |       |       |     1 ||    20
       Bend Space        |       |       |       |       |     1 |     3 |       |     5 |     4 ||    13
       Brand Weapon With |       |       |       |       |       |       |       |     1 |       ||     1
       Enter the Abyss   |       |       |       |       |       |       |       |     1 |     1 ||     2
       Corrupt           |       |       |       |       |       |       |       |     1 |       ||     1
 Abil: Evoke Berserk Rag |       |       |     9 |    16 |    13 |       |       |       |       ||    38
Evoke: Wand              |       |       |     5 |     2 |     7 |       |     5 |     8 |    18 ||    45
       Lamp of fire      |       |       |       |       |     1 |       |       |     1 |     1 ||     3
       Lightning rod     |       |       |       |       |       |       |       |       |     2 ||     2
  Use: Scroll            |     1 |       |     8 |     9 |     6 |    10 |     6 |    16 |    21 ||    77
       Potion            |       |       |       |       |       |       |     6 |     2 |    18 ||    26
 Stab: Paralysed         |       |       |     2 |       |     4 |       |       |     5 |     2 ||    13
       Invisible         |       |       |     1 |       |       |       |     8 |       |       ||     9
       Distracted        |       |       |       |     1 |       |     1 |     1 |     2 |     4 ||     9
       Sleeping          |       |       |       |       |       |     2 |     3 |       |     1 ||     6
       Held in net/web   |       |       |       |       |       |       |       |     2 |       ||     2
  Eat: Chunk             |     1 |    10 |    20 |    31 |    51 |    25 |    19 |    16 |    42 ||   215
       Ration            |       |       |       |     3 |       |     4 |       |     8 |     7 ||    22
Armor: Ring mail         |    17 |    57 |    55 |   113 |    69 |       |       |       |       ||   311
       Chain mail        |       |       |       |       |   172 |       |    13 |   458 |   822 ||  1465
       Plate armour      |       |       |       |       |   102 |    28 |       |       |       ||   130
       Swamp dragon scal |       |       |       |       |       |   111 |       |       |       ||   111
       Acid dragon scale |       |       |       |       |       |   110 |    97 |       |    70 ||   277
       Quicksilver drago |       |       |       |       |       |       |       |       |    11 ||    11
Dodge: Dodged            |    41 |    99 |   203 |   511 |   985 |  1499 |   587 |  1250 |  2635 ||  7810
       Deflected         |       |       |       |       |       |       |     5 |    46 |   113 ||   164
Block: Buckler           |       |    32 |    95 |   142 |       |       |       |       |       ||   269

Table legend:
 A = Non-vault XP
 B = Vault XP
 C = Vault XP percentage of total XP
 D = Non-vault monster count
 E = Vault monster count
 F = Vault count percentage of total count
                 A         B        C        D         E       F
            +---------+---------+-------+---------+---------+-------
      Total |  989126 |  807447 |  44.9 |    1662 |     927 |  35.8
            +---------+---------+-------+---------+---------+-------
        D:1 |      45 |       0 |   0.0 |      24 |       0 |   0.0
        D:2 |     184 |      36 |  16.4 |      29 |       1 |   3.3
        D:3 |     109 |       0 |   0.0 |      25 |       0 |   0.0
        D:4 |     188 |     220 |  53.9 |      13 |       7 |  35.0
        D:5 |     567 |     935 |  62.3 |      15 |       4 |  21.1
        D:6 |     461 |     625 |  57.6 |      17 |       1 |   5.6
        D:7 |    1148 |    2037 |  64.0 |      24 |       8 |  25.0
        D:8 |     908 |    1670 |  64.8 |      18 |       7 |  28.0
        D:9 |     417 |    3246 |  88.6 |       8 |      40 |  83.3
       D:10 |    3719 |       0 |   0.0 |      28 |       0 |   0.0
       D:11 |    4802 |       0 |   0.0 |      26 |       0 |   0.0
       D:12 |    7669 |    5210 |  40.5 |      31 |       8 |  20.5
       D:13 |    3521 |       0 |   0.0 |      19 |       0 |   0.0
       D:14 |    9683 |    5326 |  35.5 |      27 |       9 |  25.0
       D:15 |   10157 |    2040 |  16.7 |      21 |       2 |   8.7
     Lair:1 |    4072 |    1149 |  22.0 |      21 |       2 |   8.7
     Lair:2 |    1844 |       0 |   0.0 |       6 |       0 |   0.0
     Lair:3 |    4015 |    1290 |  24.3 |      21 |       6 |  22.2
     Lair:4 |    5596 |    3866 |  40.9 |      27 |       6 |  18.2
     Lair:5 |    1080 |    1206 |  52.8 |       4 |       5 |  55.6
     Lair:6 |   16360 |    4309 |  20.8 |      41 |       9 |  18.0
    Swamp:1 |    9353 |       0 |   0.0 |      27 |       0 |   0.0
    Swamp:2 |   24099 |       0 |   0.0 |      51 |       0 |   0.0
    Swamp:3 |   17310 |    4829 |  21.8 |      35 |       6 |  14.6
    Swamp:4 |    7105 |   13438 |  65.4 |      20 |      25 |  55.6
    Snake:1 |   20133 |       0 |   0.0 |      41 |       0 |   0.0
    Snake:2 |   21742 |       0 |   0.0 |      40 |       0 |   0.0
    Snake:3 |   11636 |       0 |   0.0 |      21 |       0 |   0.0
    Snake:4 |   14530 |   27076 |  65.1 |      31 |      40 |  56.3
    Slime:1 |   18509 |       0 |   0.0 |      28 |       0 |   0.0
    Slime:2 |   13953 |       0 |   0.0 |      25 |       0 |   0.0
    Slime:3 |    8436 |       0 |   0.0 |      20 |       0 |   0.0
    Slime:4 |   12554 |       0 |   0.0 |      15 |       0 |   0.0
    Slime:5 |   18086 |   27351 |  60.2 |      29 |       8 |  21.6
      Orc:1 |    3586 |     157 |   4.2 |      21 |       8 |  27.6
      Orc:2 |     947 |   12815 |  93.1 |      16 |      77 |  82.8
      Elf:1 |   10472 |    8402 |  44.5 |      18 |      12 |  40.0
      Elf:2 |   18521 |    5563 |  23.1 |      26 |       6 |  18.8
      Elf:3 |    9243 |   67329 |  87.9 |      20 |      45 |  69.2
   Vaults:1 |   25126 |   14492 |  36.6 |      43 |      27 |  38.6
   Vaults:2 |   54068 |   10265 |  16.0 |      85 |      15 |  15.0
   Vaults:3 |   38260 |   18798 |  32.9 |      59 |      28 |  32.2
   Vaults:4 |   18591 |   38502 |  67.4 |      30 |      34 |  53.1
   Vaults:5 |   48812 |  124376 |  71.8 |      54 |      76 |  58.5
    Crypt:1 |   14303 |   20628 |  59.1 |      29 |      16 |  35.6
    Crypt:2 |   25292 |   38575 |  60.4 |      40 |      13 |  24.5
    Crypt:3 |       0 |   54460 | 100.0 |       0 |      78 | 100.0
   Depths:1 |   30735 |    1410 |   4.4 |      41 |       2 |   4.7
   Depths:2 |   56506 |   12454 |  18.1 |      61 |      13 |  17.6
   Depths:3 |     975 |   79616 |  98.8 |       4 |      83 |  95.4
   Depths:4 |   29994 |   43619 |  59.3 |      26 |      20 |  43.5
   Depths:5 |   55213 |   25951 |  32.0 |      49 |      19 |  27.9
      Zot:1 |   50149 |   13368 |  21.0 |      35 |       8 |  18.6
      Zot:2 |   72822 |       0 |   0.0 |      46 |       0 |   0.0
      Zot:3 |   49510 |    5498 |  10.0 |      31 |       9 |  22.5
      Zot:4 |   40425 |       0 |   0.0 |      20 |       0 |   0.0
      Zot:5 |   23315 |   42875 |  64.8 |      13 |      12 |  48.0
    Abyss:1 |   35803 |    1512 |   4.1 |      52 |       1 |   1.9
    Abyss:3 |     499 |    2394 |  82.8 |       6 |       2 |  25.0
      Sewer |       0 |     153 | 100.0 |       0 |       7 | 100.0
    Ossuary |       0 |     344 | 100.0 |       0 |      38 | 100.0
      IceCv |       0 |   10078 | 100.0 |       0 |      41 | 100.0
     WizLab |    1968 |   47954 |  96.1 |       9 |      43 |  82.7
            +---------+---------+-------+---------+---------+-------
